 Dungeon Sprint DCSS version 0.26-a0-720-g2a1d101370 (webtiles) character file.

Game seed: 16732245339926432748

40523 mhtbhm the Executioner (level 13, -1/147 HPs)
             Began as a Minotaur Berserker on Nov 3, 2020.
             Was the Champion of Trog.
             Killed from afar by a black draconian knight (25 damage)
             ... with a shard of ice
             ... in the Dungeon (Sprint VII: "The Pits").
             The game lasted 00:09:04 (4356 turns).

mhtbhm the Executioner (Minotaur Berserker)         Turns: 4356, Time: 00:09:05

Health: -1/147     AC: 21    Str: 28    XL:     13   Next: 75%
Magic:  2/4        EV: 21    Int:  2    God:    Trog [******]
Gold:   14         SH:  0    Dex: 12    Spells: 12/12 levels left

rFire    . . .     SeeInvis .   F - +4 executioner's axe (antimagic)
rCold    . . .     Faith    .   (shield currently unavailable)
rNeg     . . .     Spirit   .   b - +6 swamp dragon scales
rPois    +         Reflect  .   (helmet restricted)
rElec    .         Harm     .   (no cloak)
rCorr    .         Rampage  .   B - +1 pair of gloves
MR       .....     NoTele   +   (no boots)
Stlth    ++........             (no amulet)
HPRegen  0.34/turn              A - +4 ring of slaying
MPRegen  0.09/turn              l - ring "Faok" {+Fly EV+4 Str+3}

@: berserk cooldown, slowed, studying Shields, very slow
A: retaliatory headbutt, horns 2, talons 1, dopey 1, MP-powered wands
a: Berserk, Trog's Hand, Brothers in Arms, Renounce Religion, Evoke Flight


You were in the Dungeon.
You worshipped Trog.
Trog was exalted by your worship.
You visited 1 branch You collected 14 gold pieces.

Inventory:

Hand Weapons
 a - a +4 antimagic battleaxe
 p - a +2 battleaxe of flaming
 q - the +4 war axe of Insufficient Pleasure {vorpal, rPois Dex+3}
   (Trog gifted it to you in the Dungeon)

   It inflicts extra damage upon your enemies.
   It affects your dexterity (+3).
   It protects you from poison.
 F - a +4 antimagic executioner's axe (weapon)
Armour
 b - +6 swamp dragon scales (worn)
 s - the cursed +0 pair of boots of Cowuzei {rC+ rN+ Int-2 Dex+2}
   (You found it in the Dungeon)

   It affects your intelligence (-2).
   It affects your dexterity (+2).
   It protects you from cold.
   It protects you from negative energy.
   It has a curse placed upon it.
 B - a +1 pair of gloves (worn)
Jewellery
 l - the ring "Faok" (right hand) {+Fly EV+4 Str+3}
   (You found it in the Dungeon)

   [ring of evasion]

   It affects your evasion (+4).
   It affects your strength (+3).
   It lets you fly.
 x - an uncursed ring of protection from fire
 y - an uncursed ring of resist corrosion
 z - an uncursed ring of protection from cold
 A - a +4 ring of slaying (left hand)
 E - the ring "Qaceumod" {*Drain rN+++ MP+9 Int-5 SInv}
   (You found it in the Dungeon)

   [ring of magical power]

   It affects your intelligence (-5).
   It renders you almost immune to negative energy.
   It affects your magic capacity (+9).
   It lets you see invisible.
   It causes draining when unequipped.
Scrolls
 j - 5 scrolls of remove curse
 k - a scroll of summoning
 r - a scroll of fear
 v - a scroll of fog
 w - a scroll of identify
Potions
 c - 7 potions of curing
 d - 15 potions of heal wounds
 e - 3 potions of haste
 f - 4 potions of magic
 g - 3 potions of berserk rage
 i - 2 potions of invisibility
 n - 4 potions of stabbing
 o - a potion of might
Books
 G - a manual of Shields
Miscellaneous
 C - a box of beasts (3/3)
 D - a phantom mirror


   Skills:
 + Level 22.9 Fighting
 + Level 26.4 Axes
 + Level 17.8 Armour
 + Level 11.6 Dodging
 - Level 4.2 Stealth


You had 12 spell levels left.
You didn't know any spells.
Your spell library was empty.

Dungeon Overview and Level Annotations

Branches:
Dungeon (1/1)

Altars:
Cheibriados
Dithmenos
Elyvilon
Fedhas
Gozag
Hepliaklqana
Makhleb
Nemelex Xobeh
Okawaru
Qazlal
Ru
Sif Muna
Trog
Vehumet
Wu Jian
Xom
Yredelemnul
Zin
The Shining One
Beogh
Jiyva
Lugonu


Innate Abilities, Weirdness & Mutations

You reflexively headbutt those who attack you in melee.
You have a pair of horns on your head.
You have sharp toenails.
You are dopey. (Int -2)
You expend magic power (3 MP) to strengthen your wands.


Message History

You kill the white draconian!
Trog accepts your kill.
You hit something but do no damage. Something hits you!
* * * LOW HITPOINT WARNING * * *
Your stone giant hits the nagaraja!!
The ogre mage hits you but does no damage.
Something hits you!
* * * LOW HITPOINT WARNING * * *
You hit the nagaraja.
The nagaraja's magic leaks into the air.
Your kick misses the nagaraja.
The nagaraja is heavily wounded.
You hit something.
Your stone giant closely misses the nagaraja.
The nagaraja hits you but does no damage.
The nagaraja barely misses you.
You hear some strange, mumbled words.
A shard of ice appears from out of thin air!
The shard of ice hits you!!
You die...

+##############..#
#..# #..# #..#
#..# #..# #..#
#{.# #)@# #CN#
#O)# ######)[#
#.....))#
..#.....# ##....#
#.....# ..NO....#


You could see a nagaraja, an ogre mage and a friendly stone giant (summoned,
berserk, very poisoned).

Vanquished Creatures
  A pandemonium lord (D)
  A Brimstone Fiend (D)
  A tentacled monstrosity (D)
  An Executioner (D)
  A sphinx (D)
  A nagaraja (D)
  A frost giant (D)
  A green draconian (D)
  A white draconian (D)
  A red draconian (D)
  2 eidola (D)
  A death ooze (D)
  A merfolk avatar (D)
  A merfolk aquamancer (D)
  A death knight (D)
  2 death yaks (D)
  A sun demon (D)
  2 iron trolls (D)
  A shadow wraith (D)
  A sea snake (D)
  A wizard (D)
  4 deep trolls (D)
  A swamp dragon (D)
  2 phantasmal warriors (D)
  2 deep elf magi (D)
  A naga mage (D)
  2 black mambas (D)
  An orange demon (D)
  An efreet (D)
  2 rime drakes (D)
  A freezing wraith (D)
  3 ice devils (D)
  2 guardian mummies (D)
  A merfolk (D)
  A red devil (D)
  A tyrant leech (D)
  5 blink frogs (D)
  A tarantella (D)
  2 water elementals (D)
  3 redbacks (D)
  A ynoxinul (D)
  A basilisk (D)
  A warg (D)
  2 soldier ants (D)
  An acid dragon (D)
  A floating eye (D)
  A black bear (D)
  An ice beast (D)
  An ogre (D)
  A centaur (D)
  A phantom (D)
  A gnoll sergeant (D)
  An earth elemental (D)
  2 scorpions (D)
  3 wights (D)
  3 hounds (D)
  A gnoll shaman (D)
  An iguana (D)
  Ijyb (D)
  A mummy (D)
  2 adders (D)
  8 gnolls (D)
  A white imp (D)
  A leopard gecko (D)
  2 orcs (D)
  A goblin (D)
  4 jackals (D)
  A quokka (D)
  A bat (D)
  A jackal zombie (D)
  A rat (D)
109 creatures vanquished.

Vanquished Creatures (collateral kills)
  A nagaraja (D)
  A spriggan defender (D)
  A deep elf death mage (D)
  2 death yaks (D)
  A deep troll shaman (D)
  A snapping turtle (D)
  A centaur (D)
  A small abomination (D)
  2 gnolls (D)
11 creatures vanquished.

Vanquished Creatures (others)
  A vampire mage (D)
1 creature vanquished.

Grand Total: 121 creatures vanquished

Notes
Turn   | Place    | Note
-------+----------+-------------------------------------------
     0 | D        | mhtbhm the Minotaur Berserker began the quest for the Orb.
     0 | D        | Reached XP level 1. HP: 19/19 MP: 0/0
    14 | D        | Reached skill level 4 in Axes
   292 | D        | Found a bloodstained altar of Trog.
   292 | D        | Found a shimmering blue altar of Sif Muna.
   292 | D        | Found a viscous altar of Jiyva.
   292 | D        | Found a hazy altar of Hepliaklqana.
   292 | D        | Found an opulent altar of Gozag.
   293 | D        | Found a glowing golden altar of the Shining One.
   293 | D        | Found a glowing silver altar of Zin.
   293 | D        | Found a basalt altar of Yredelemnul.
   293 | D        | Found a shimmering altar of Xom.
   293 | D        | Found an ornate altar of the Wu Jian Council.
   293 | D        | Found a sacrificial altar of Ru.
   293 | D        | Found a stormy altar of Qazlal.
   293 | D        | Found an iron altar of Okawaru.
   293 | D        | Found a sparkling altar of Nemelex Xobeh.
   293 | D        | Found a burning altar of Makhleb.
   293 | D        | Found a blossoming altar of Fedhas.
   293 | D        | Found a white marble altar of Elyvilon.
   293 | D        | Found a shadowy altar of Dithmenos.
   293 | D        | Found a snail-covered altar of Cheibriados.
   333 | D        | Reached ** piety under Trog
   393 | D        | Reached skill level 5 in Axes
   396 | D        | Noticed a wight
   397 | D        | Noticed a wight
   397 | D        | Noticed a wight
   403 | D        | Killed a wight
   403 | D        | Reached *** piety under Trog
   403 | D        | Reached skill level 6 in Axes
   403 | D        | Reached XP level 2. HP: 30/30 MP: 1/1
   403 | D        | Reached XP level 3. HP: 37/37 MP: 2/2
   404 | D        | Reached skill level 7 in Axes
   410 | D        | Reached **** piety under Trog
   410 | D        | Reached XP level 4. HP: 42/47 MP: 3/3
   410 | D        | Reached skill level 8 in Axes
   410 | D        | Reached XP level 5. HP: 47/53 MP: 4/4
   667 | D        | Noticed a centaur
   680 | D        | Killed a centaur
   680 | D        | Reached skill level 9 in Axes
   680 | D        | Reached skill level 5 in Dodging
   684 | D        | Reached ***** piety under Trog
   689 | D        | Reached skill level 5 in Armour
   703 | D        | Reached skill level 10 in Fighting
   703 | D        | Reached skill level 10 in Axes
   703 | D        | Reached XP level 6. HP: 47/66 MP: 5/5
   808 | D        | Noticed a deep troll
   813 | D        | Killed a deep troll
   813 | D        | Reached skill level 12 in Axes
   813 | D        | Reached skill level 1 in Stealth
   813 | D        | Reached XP level 7. HP: 72/78 MP: 6/6
   936 | D        | Noticed a deep elf mage
   942 | D        | Killed a deep elf mage
   942 | D        | Received a gift from Trog
   942 | D        | Reached skill level 13 in Axes
   942 | D        | Reached XP level 8. HP: 84/86 MP: 7/7
   948 | D        | Reached skill level 14 in Axes
  1055 | D        | Noticed a death yak
  1067 | D        | Killed a death yak
  1067 | D        | Reached skill level 15 in Axes
  1067 | D        | Reached XP level 9. HP: 96/96 MP: 8/8
  1098 | D        | Gained mutation: Scrolls take you a little longer to read.
                  | [potion of mutation]
  1098 | D        | Gained mutation: You are partially covered in molten
                  | scales. (AC +2) [potion of mutation]
  1098 | D        | Gained mutation: You are covered in fur. (AC +1) [potion of
                  | mutation]
  1098 | D        | Lost mutation: Scrolls take you a little longer to read.
                  | [potion of mutation]
  1206 | D        | Found a radiant altar of Vehumet.
  1206 | D        | Found a corrupted altar of Lugonu.
  1206 | D        | Found a roughly hewn altar of Beogh.
  1232 | D        | Noticed a guardian mummy
  1233 | D        | Noticed a phantasmal warrior
  1239 | D        | Killed a phantasmal warrior
  1239 | D        | Reached ****** piety under Trog
  1239 | D        | Reached skill level 15 in Fighting
  1243 | D        | Killed a guardian mummy
  1398 | D        | Noticed a merfolk avatar
  1406 | D        | Received a gift from Trog
  1406 | D        | Reached skill level 16 in Axes
  1428 | D        | Killed a merfolk avatar
  1428 | D        | Reached skill level 10 in Armour
  1579 | D        | Noticed a rime drake
  1584 | D        | Killed a rime drake
  1584 | D        | Reached XP level 10. HP: 102/107 MP: 9/9
  1609 | D        | Reached skill level 17 in Axes
  1653 | D        | Noticed an eidolon
  1654 | D        | Noticed a deep elf mage
  1655 | D        | Noticed a sun demon
  1679 | D        | Killed a deep elf mage
  1687 | D        | Killed an eidolon
  1687 | D        | Received a gift from Trog
  1999 | D        | Noticed a sun demon
  1999 | D        | Noticed a deep troll
  2003 | D        | Killed a sun demon
  2003 | D        | Reached skill level 18 in Axes
  2010 | D        | Killed a deep troll
  2338 | D        | Noticed a phantasmal warrior
  2343 | D        | Noticed a black mamba
  2347 | D        | Killed a black mamba
  2347 | D        | Received a gift from Trog
  2350 | D        | Killed a phantasmal warrior
  2354 | D        | Reached XP level 11. HP: 27/117 MP: 3/10
  2655 | D        | Reached skill level 19 in Axes
  2719 | D        | Paralysed by a floating eye for 2 turns
  2732 | D        | Received a gift from Trog
  2827 | D        | Noticed a merfolk aquamancer
  2833 | D        | Received a gift from Trog
  2836 | D        | Noticed an eidolon
  2840 | D        | Killed a merfolk aquamancer
  2840 | D        | Reached skill level 20 in Axes
  2844 | D        | Received a gift from Trog
  2852 | D        | Killed an eidolon
  2856 | D        | Killed a shadow wraith
  2856 | D        | Reached skill level 21 in Axes
  2981 | D        | Got an ichor-stained war axe {god gift}
  2982 | D        | Identified the +4 war axe of Insufficient Pleasure {vorpal,
                  | rPois Dex+3} (Trog gifted it to you in the Dungeon)
  3169 | D        | Noticed Ijyb
  3169 | D        | Noticed a wizard
  3169 | D        | Noticed a death yak
  3169 | D        | Noticed a death yak
  3170 | D        | Noticed a death yak
  3175 | D        | Killed a death yak
  3175 | D        | Received a gift from Trog
  3175 | D        | Killed a death yak
  3175 | D        | Reached skill level 10 in Dodging
  3181 | D        | Killed a death yak
  3181 | D        | Reached skill level 15 in Armour
  3182 | D        | Killed a wizard
  3184 | D        | Reached XP level 12. HP: 130/130 MP: 11/11
  3184 | D        | Received a gift from Trog
  3190 | D        | Killed Ijyb
  3363 | D        | Lost mutation: You are covered in fur. (AC +1) [potion of
                  | mutation]
  3363 | D        | Lost mutation: You are partially covered in molten scales.
                  | (AC +2) [potion of mutation]
  3363 | D        | Gained mutation: You have sharp toenails. [potion of
                  | mutation]
  3363 | D        | Gained mutation: You are dopey. (Int -2) [potion of
                  | mutation]
  3363 | D        | Gained mutation: You expend magic power (3 MP) to
                  | strengthen your wands. [potion of mutation]
  3469 | D        | Noticed a tentacled monstrosity
  3469 | D        | Noticed a frost giant
  3469 | D        | Noticed a death knight
  3472 | D        | Reached skill level 22 in Axes
  3474 | D        | Received a gift from Trog
  3477 | D        | Killed a death knight
  3484 | D        | Killed a tentacled monstrosity
  3490 | D        | Reached skill level 23 in Axes
  3491 | D        | Killed a frost giant
  3491 | D        | Received a gift from Trog
  3493 | D        | Got the ring "Faok" {+Fly EV+4 Str+3}
  3496 | D        | Got the cursed +0 pair of boots of Cowuzei {rC+ rN+ Int-2
                  | Dex+2}
  3499 | D        | Got the ring "Qaceumod" {*Drain rN+++ MP+9 Int-5 SInv}
  3654 | D        | Noticed a Brimstone Fiend
  3660 | D        | Killed a Brimstone Fiend
  3770 | D        | Noticed a death ooze
  3772 | D        | Killed a death ooze
  3772 | D        | Reached skill level 24 in Axes
  3851 | D        | Noticed Ihur the pandemonium lord
  3872 | D        | Killed Ihur the pandemonium lord
  3872 | D        | Received a gift from Trog
  3872 | D        | Reached XP level 13. HP: 114/142 MP: 12/12
  4242 | D        | Noticed an Executioner
  4249 | D        | Killed an Executioner
  4249 | D        | Reached skill level 25 in Axes
  4322 | D        | Noticed a nagaraja
  4322 | D        | Noticed a spriggan defender
  4322 | D        | Noticed a sphinx
  4323 | D        | Noticed a deep elf death mage
  4324 | D        | Noticed a green draconian
  4326 | D        | Noticed a red draconian
  4332 | D        | Killed a spriggan defender
  4334 | D        | Killed a sphinx
  4334 | D        | Received a gift from Trog
  4335 | D        | Noticed a nagaraja
  4336 | D        | Noticed a white draconian
  4338 | D        | Killed a red draconian
  4338 | D        | Killed a deep elf death mage
  4338 | D        | Noticed a black draconian knight
  4341 | D        | Noticed a nagaraja
  4342 | D        | Killed a nagaraja
  4342 | D        | Reached skill level 26 in Axes
  4351 | D        | Killed a nagaraja
  4352 | D        | Killed a green draconian
  4355 | D        | Killed a white draconian
  4356 | D        | Killed from afar by a black draconian knight

Illustrated notes

Levels and vault maps discovered:
D:        pitsprint [storerooms_1, entrance_room_1, metal_vault_4, armoury_1,
          mini_pit_1, grid_room_1, main_hall_1, silver_pit, the_coven_2,
          the_vestibule_1, steel_vault_5, golden_pit, hallway_of_sentries,
          crystal_vault_2, iron_vault_3, final_vault]

Skill      XL: |  1  2  3  4  5  6  7  8  9 10 11 12 13 |
---------------+----------------------------------------+-----
Fighting       | 6 7 8 10 12 13 14 16 17 19 21 22 | 22.9
Axes           | 6 7 8 10 12 13 15 16 18 21 24 26 | 26.4
Armour         | 3 4 5 6 7 8 10 13 15 16 17 | 17.8
Dodging        | 3 4 5 7 8 9 10 11 | 11.6
Stealth        | 1 2 4 |  4.2

Action                   |  1- 3 |  4- 6 |  7- 9 | 10-12 | 13-15 || total
-------------------------+-------+-------+-------+-------+-------++-------
Melee: Hand axe          |    21 |    18 |    22 |       |       ||    61
       Headbutt          |     2 |     6 |     9 |    50 |     8 ||    75
       Broad axe         |       |       |    27 |       |       ||    27
       Battleaxe         |       |       |     2 |    39 |       ||    41
       Executioner's axe |       |       |       |    51 |    25 ||    76
       War axe           |       |       |       |    67 |       ||    67
       Kick              |       |       |       |    30 |    12 ||    42
Invok: Berserk           |     1 |     1 |     2 |     8 |     2 ||    14
       Brothers in Arms  |       |       |       |     1 |     4 ||     5
  Use: Potion            |       |       |     1 |     1 |     1 ||     3
       Scroll            |       |       |       |       |     9 ||     9
Armor: Animal skin       |     2 |       |       |       |       ||     2
       Plate armour      |       |    13 |     4 |       |       ||    17
       Chain mail        |       |       |     5 |    73 |       ||    78
       Swamp dragon scal |       |       |       |     4 |    21 ||    25
Dodge: Dodged            |    11 |     8 |    18 |   102 |    24 ||   163

Table legend: (Time is in decaauts)
 A = Elapsed time spent in this place.
 B = Non-inter-level travel time spent in this place.
 C = Inter-level travel time spent in this place.
 D = Time resting spent in this place.
 E = Time spent auto-exploring this place.
 F = Levels seen in this place.
 G = Mean time per level.
                   A        B        C        D        E       F      G
               +--------+--------+--------+--------+--------+-----+--------+
         Total |   4379 |   4379 |      0 |   3163 |     72 |   1 | 4379.0 |
       Dungeon |   4379 |   4379 |      0 |   3163 |     72 |   1 | 4379.0 |
               +--------+--------+--------+--------+--------+-----+--------+

Top non-repeatable levels by time:
       D: 4379 daAuts
